 Adventure DCSS version bcrawl-1.27.3 (webtiles) character file.

Game seed: 6382397492766468095

88072 galech the Shield-Bearer (level 3, 29/29 HPs)
             Began as a Demonspawn Fighter on Aug 3, 2020.
             Quit the game on level 3 of the Dungeon.
             The game lasted 00:02:30 (1527 turns).

galech the Shield-Bearer (Demonspawn Fighter)       Turns: 1527, Time: 00:02:31

Health: 29/29      AC:  7    Str: 16    XL:     3   Next: 5%
Magic:  3/3        EV:  5    Int: 10    God:
Gold:   120        SH:  9    Dex: 13    Spells: 2/2 levels left
                                        Lives:  1   Deaths: 1

rFire    . . .     SeeInvis .   a - +0 war axe
rCold    . . .     Gourm    .   c - +0 medium shield
rNeg     . . .     Faith    +   b - +0 scale mail
rPois    .         Spirit   .   f - +1 hat
rElec    .         Reflect  .   (no cloak)
rCorr    .         Harm     .   (no gloves)
MR       .....                  (no boots)
Stlth    ..........             q - amulet of faith
HPRegen  0.09/turn              (no ring)
MPRegen  0.08/turn              (no ring)

@: no status effects
A: antennae 1, powered by death 1
a: no special abilities


You were on level 3 of the Dungeon.
You were not hungry.

You visited 1 branch of the dungeon, and saw 3 of its levels.

You collected 120 gold pieces.

Inventory:

Hand Weapons
 a - a +0 war axe (weapon)
Armour
 b - a +0 scale mail (worn)
 c - a +0 medium shield (worn)
 f - a +1 hat (worn)
Jewellery
 q - an amulet of faith (around neck)
Wands
 g - a wand of flame (19)
Scrolls
 i - 2 scrolls of blinking {unknown}
 j - a scroll of enchant weapon {unknown}
 k - a scroll of fog {unknown}
 l - 2 scrolls of teleportation {unknown}
 m - a scroll of identify
 n - a scroll of noise {unknown}
 p - a scroll of fear {unknown}
Potions
 d - a potion of might
 h - 5 potions of flight {unknown}
 o - a potion of berserk rage {unknown}
Comestibles
 e - 8 rations {!d}


   Skills:
 + Level 3.2 Fighting
 + Level 2.6 Axes
 + Level 3.0 Armour
 + Level 0.2 Dodging
 + Level 3.5 Shields


You had 2 spell levels left.
You didn't know any spells.
Your spell library was empty.

Dungeon Overview and Level Annotations

Branches:
Dungeon (3/12)

Altars:
Lugonu
Qazlal
Yredelemnul

Annotations:
D:3 Natasha


Innate Abilities, Weirdness & Mutations

You have a pair of small antennae on your head.
You regenerate a little health from kills.


Message History

The orc warrior hits you with a +0 mace.
You hit the white imp but do no damage.
The white imp is lightly wounded.
You hit the orc. You hit the giant cockroach.
You kill the giant cockroach!
You hit the orc warrior but do no damage.
The white imp hits you but does no damage.
The orc hits you with a +0 war axe.
The orc warrior hits you with a +0 mace!!
Ouch! That really hurt!
You die...
The shadow imp picks up a beetle and eats it.
The white imp hits you. The white imp freezes you.
The orc hits you but does no damage. You block Natasha's attack.
Xom reaches out...
You are now level 3!
You rejoin the land of the living...
Are you sure you want to abandon this character and quit the game? (Confirm with "yes".)
Okay, then.
Are you sure you want to abandon this character and quit the game? (Confirm with "yes".)

.. .. .. # .#
.# .##.# ....#
##..# #@..#
...............
##########.....
#.#. # . ..#
#.... #.#
#........#


There were no monsters in sight!

Vanquished Creatures
  Jessica (D:2)
  2 worms (D:2)
  3 dart slugs
  A leopard gecko (D:1)
  2 orcs (D:2)
  3 giant cockroaches
  7 hobgoblins
  3 jackals (D:2)
  A bat (D:1)
  3 goblins
  3 kobolds
  A rat (D:2)
30 creatures vanquished.

Notes
Turn   | Place    | Note
-------+----------+-------------------------------------------
     0 | D:1      | galech the Demonspawn Fighter began the quest for the Orb.
     0 | D:1      | Reached XP level 1. HP: 18/18 MP: 1/1
   633 | D:1      | Gained mutation: You regenerate a little health from kills.
                  | [demonic ancestry]
   633 | D:1      | Reached XP level 2. HP: 23/24 MP: 2/2
   701 | D:2      | Noticed Jessica
   763 | D:2      | Killed Jessica
   763 | D:2      | Gained mutation: You have a pair of small antennae on your
                  | head. [demonic ancestry]
   763 | D:2      | Reached XP level 3. HP: 29/29 MP: 3/3
   946 | D:2      | Found a basalt altar of Yredelemnul.
  1182 | D:2      | Found a stormy altar of Qazlal.
  1182 | D:2      | Found a corrupted altar of Lugonu.
  1342 | D:2      | Reached XP level 4. HP: 28/35 MP: 4/4
  1458 | D:3      | Noticed an orc warrior
  1474 | D:3      | Noticed Natasha
  1526 | D:3      | Slain by an orc warrior
  1527 | D:3      | Reached XP level 3. HP: -5/29 MP: 3/3
  1527 | D:3      | Quit the game

Skill      XL: |  1  2 |
---------------+-------+-----
Shields        | 3 |  3.5
Axes           | 2 |  2.6
Armour         | 3 |  3.0
Fighting       | |  3.2
Dodging        | |  0.2

Action                   |  1- 3 |  4- 6 || total
-------------------------+-------+-------++-------
Melee: War axe           |    84 |     7 ||    91
  Eat: Chunk             |     4 |     1 ||     5
Armor: Scale mail        |    50 |     8 ||    58
Dodge: Dodged            |    19 |     4 ||    23
Block: Medium shield     |    50 |    17 ||    67
